AoeStats
← jphilkill

Nomad

510272483Analyzed
4v4 RM · 2d ago on Sep 30, 2026· 28m 38s· 8 players
Game mode
Random Map
Map size
231×231
Population
200
Speed
Normal
Resources
Standard
Victory
Conquest
Starting age
Dark Age
Ending age
Imperial Age
RankedLock teamsTeams togetherTeam positionsShared explorationLock speedFull tech treeHidden civsTurbo modeCheats
Victory
Defeat
🇨🇳 Mongols · China
964
+38
🇩🇪 Huns · Germany
952
+15
🇫🇷 Franks · France
948
+15
🇨🇳 Japanese · China
868
+18
🇨🇳 Ethiopians · China
944
-16
🇨🇳 Persians · China
940
-16
🇨🇳 Mongols · China
924
-16
🇹🇼 Turks · Taiwan
910
-15
vito90339
7:27 Loom
14:23 Feudal Age
14:49 Town Watch
14:52 Double-Bit Axe
16:35 Gold Mining
22:09 Castle Age
20:13 Fishing Lines
21:13 Stone Mining
21:06 Horse Collar
22:42 Demolition Ship
24:44 Gillnets
25:09 Fletching
28:17 Wheelbarrow
28:31 Bodkin Arrow
dearnh
9:24 Loom
9:33 Loom
14:20 Feudal Age
15:06 Double-Bit Axe
16:01 Fishing Lines
17:55 Town Watch
19:44 Bloodlines
22:34 Castle Age
873108255
5:30 Loom
18:00 Feudal Age
18:30 Double-Bit Axe
18:38 Gold Mining
20:31 Fletching
21:25 Padded Archer Armor
蒙式战车
18:47 Feudal Age
22:51 Castle Age
Bug Spencer
5:35 Loom
15:00 Feudal Age
16:14 Town Watch
16:18 Double-Bit Axe
18:49 Wheelbarrow
21:16 Castle Age
19:22 Stone Mining
19:23 Gold Mining
23:41 Bow Saw
23:27 Fishing Lines
24:07 Medium Warships
25:00 Gillnets
28:01 Hand Cart
烟火人间
16:38 Feudal Age
22:55 Castle Age
21:51 Double-Bit Axe
22:35 Bloodlines
24:05 Bow Saw
24:12 Husbandry
25:53 Horse Collar
26:00 Fishing Lines
27:05 Gillnets
27:19 Heavy Plow
jphilkill
4:51 Loom
16:20 Feudal Age
17:40 Double-Bit Axe
19:54 Wheelbarrow
22:49 Castle Age
22:06 Scale Mail Armor
23:37 Fishing Lines
24:09 Medium Warships
26:39 Bow Saw
28:03 Gold Mining
28:03 Stone Mining
28:16 Pikeman
28:57 Squires
打一下就投
16:44 Feudal Age
17:34 Double-Bit Axe
19:20 Forging
21:30 Castle Age
19:52 Horse Collar
21:36 Scale Barding Armor
22:12 Bloodlines
22:16 Husbandry
22:33 Stone Mining
Connection lost

Rejoining the realm…

Still unreachable

The connection could not be restored.

Session expired

The server has moved on; the page needs a fresh start.